 Dungeon Crawl Stone Soup version 0.17-a0-1262-gd250d98 (webtiles) character file.

969 kidanger the Ruffian (level 7, -1/63 HPs)
             Began as a Minotaur Monk on June 6, 2015.
             Slain by kidanger's ghost (20 damage)
             ... on level 5 of the Dungeon.
             The game lasted 00:14:03 (4538 turns).

kidanger the Ruffian (Minotaur Monk)                Turns: 4538, Time: 00:14:03

Health: -1/63      AC:  5    Str: 18      XL:     7   Next: 94%
Magic:  6/6        EV: 14    Int:  5 (7)  God:    Xom [....*.]
Gold:   156        SH:  0    Dex: 12      Spells: 0 memorised, 6 levels left

rFire  . . .     SeeInvis .       - Unarmed
rCold  . . .     Clarity  .     s - +2 leather armour {rPois}
rNeg   . . .     SustAt   .     (no shield)
rPois  +         Gourm    .     (helmet restricted)
rElec  .         Spirit   .     (no cloak)
rCorr  .         Warding  .     (no gloves)
rMut   .         Stasis   .     (no boots)
MR     .....                    (no amulet)
Stlth  ++........               (no ring)
                                (no ring)

@: not resistant to hostile enchantments, unstealthy
A: retaliatory headbutt, horns 2
a: Renounce Religion


You were on level 5 of the Dungeon.
You worshipped Xom.
You were a beloved toy of Xom.
You were hungry.

You visited 1 branch of the dungeon, and saw 5 of its levels.

You collected 156 gold pieces.

Inventory:

Armour
 a - a +0 robe
 s - a +2 leather armour of poison resistance (worn)
Magical devices
 q - a wand of slowing (46)
Scrolls
 d - a scroll of recharging
 g - 4 scrolls of remove curse
 k - a scroll of teleportation
 n - 4 scrolls of identify
Comestibles
 b - 3 bread rations
 l - a beef jerky
 o - 4 meat rations


   Skills:
 + Level 6.3 Fighting
 + Level 2.2 Armour
 + Level 6.1 Dodging
 + Level 3.6 Stealth
 + Level 6.9 Unarmed Combat


You had 6 spell levels left.
You didn't know any spells.

Dungeon Overview and Level Annotations

Branches:
Dungeon (5/15)
 Temple: D:4-7

Altars:
Kikubaaqudgha
Makhleb
Qazlal
Vehumet
Xom
Zin

Shops:
D:4 ?

Annotations:
D:5 kidanger's ghost, experienced TrMo


Innate Abilities, Weirdness & Mutations

You reflexively headbutt those who attack you in melee.
You have a pair of horns on your head.


Message History

You see here 16 stones.
You see here 16 stones.
Kidanger's ghost is nearby!
Kidanger's ghost turns its malevolent gaze towards you.
You barely miss kidanger's ghost. Kidanger's ghost hits you!
Kidanger's ghost freezes you.
You are feeling hungry.
You miss kidanger's ghost. Kidanger's ghost misses you.
You hit kidanger's ghost but do no damage.
Kidanger's ghost hits you. Kidanger's ghost freezes you.
You hit kidanger's ghost. You headbutt kidanger's ghost.
Kidanger's ghost is lightly damaged.
You closely miss kidanger's ghost. Your headbutt misses kidanger's ghost.
Kidanger's ghost is lightly damaged.
Kidanger's ghost hits you!
You hit kidanger's ghost.
Kidanger's ghost is lightly damaged.
Kidanger's ghost hits you!
You are electrocuted!
You die...
Xom titters!

..
...##.'..#.#.#.#.#.⌠.⌠#
#.##.##.#.⌠.#.⌠.#.⌠.#...#
#.......##.#.#.#.#.#.#.##
####.######...#.⌠.#.⌠.##
#......# ######.#.#.##
#.#.##.# #######
#.#.##.## #####.#
#.#.....###......#
#.####....@W..#
#.####.####...# #...(..#
#### ########


You could see kidanger's ghost.

Vanquished Creatures
  Eustachio (D:4)
  An ice beast (D:5)
  2 phantoms (D:4)
  A vampire bat (D:5)
  A centaur skeleton (D:4)
  3 orc priests
  2 jellies (D:5)
  Natasha (thrice) (D:4)
  An iguana (D:4)
  5 gnolls
  10 adders
  An ooze (D:1)
  A worm (D:2)
  4 giant geckos
  7 orcs
  9 bats
  A bat skeleton (D:5)
  3 bat zombies (D:5)
  6 giant cockroaches
  16 hobgoblins
  9 kobolds
  A ball python (D:3)
  A giant gecko skeleton (D:5)
  5 giant newts
  6 goblins
  12 jackals
  4 quokkas (D:3)
  14 rats
130 creatures vanquished.

Notes
Turn   | Place    | Note
--------------------------------------------------------------
     0 | D:1      | kidanger the Minotaur Monk began the quest for the Orb.
     0 | D:1      | Reached XP level 1. HP: 19/19 MP: 0/0
   146 | D:1      | Reached XP level 2. HP: 22/27 MP: 1/1
   922 | D:2      | Found a glowing silver altar of Zin.
  1036 | D:2      | Reached skill level 5 in Unarmed Combat
  1067 | D:2      | Found a radiant altar of Vehumet.
  1117 | D:2      | Reached XP level 3. HP: 33/33 MP: 2/2
  1642 | D:2      | Reached XP level 4. HP: 40/40 MP: 3/3
  2452 | D:3      | Reached XP level 5. HP: 42/47 MP: 4/4
  3113 | D:4      | Reached XP level 6. HP: 55/55 MP: 5/5
  3117 | D:4      | Noticed Natasha
  3121 | D:4      | Killed Natasha
  3122 | D:4      | Noticed a phantom
  3131 | D:4      | Found Luilusem's Magic Scroll Emporium.
  3135 | D:4      | Killed a phantom
  3135 | D:4      | Reached skill level 5 in Fighting
  3135 | D:4      | Reached skill level 5 in Dodging
  3135 | D:4      | Reached skill level 6 in Unarmed Combat
  3205 | D:4      | Found a glowing drain.
  3270 | D:4      | Noticed a phantom
  3303 | D:4      | Killed a phantom
  3312 | D:4      | Noticed Natasha
  3317 | D:4      | Killed Natasha
  3320 | D:4      | Noticed Natasha
  3326 | D:4      | Killed Natasha
  3365 | D:4      | Noticed Eustachio
  3432 | D:4      | Killed Eustachio
  3432 | D:4      | Reached skill level 1 in Armour
  3432 | D:4      | Reached XP level 7. HP: 44/62 MP: 6/6
  3461 | D:4      | Found a burning altar of Makhleb.
  3574 | D:4      | Found a shimmering altar of Xom.
  3577 | D:4      | Became a worshipper of Xom of Chaos
  3648 | D:4      | Found a stormy altar of Qazlal.
  3649 | D:4      | Noticed an air elemental
  3659 | D:4      | Noticed a fire elemental
  3659 | D:4      | Noticed a water elemental
  3968 | D:5      | Entered Level 5 of the Dungeon
  3987 | D:5      | XOM: potion effect (haste)
  4002 | D:5      | XOM: divination: detect creatures
  4020 | D:5      | Noticed kidanger's ghost (experienced TrMo)
  4059 | D:4      | XOM: harmless Hex miscast
  4157 | D:5      | XOM: potion effect (haste)
  4165 | D:5      | Paralysed by kidanger's ghost for 5 turns
  4167 | D:5      | Found an ancient bone altar of Kikubaaqudgha.
  4385 | D:5      | XOM: silly message
  4538 | D:5      | Slain by kidanger's ghost

Vault maps used:
D:1:      nagdon_arrival_zigzag_paths, minmay_tree_intersection,
          serial_bayou_pond_d
D:2:      zin_statuary, lemuel_round_altar
D:3:      first_bread, st_stairs_7, hangedman_decor_clover_reticule,
          grunt_decor_resistance
D:4:      kennysheep_mini, lemuel_crystal_altar, serial_shops, shop,
          portal_sewer_entry_f, nicolae_qazlal_style_of_elements,
          uniq_eustachio, uniq_natasha
D:5:      slow_altar_2, kennysheep_vampire_church, nrook_loot_triangle

Action                   |  1- 3 |  4- 6 |  7- 9 || total
-------------------------+-------+-------+-------++-------
Melee: Unarmed           |    93 |   200 |    81 ||   374
Evoke: Wand              |       |       |     1 ||     1
  Use: Scroll            |     7 |       |     4 ||    11
       Potion            |       |       |     9 ||     9
 Stab: Sleeping          |     4 |     5 |     1 ||    10
  Eat: Chunk             |     2 |     6 |     5 ||    13
